 Dungeon Crawl Stone Soup version 0.21.1-1-g345015fe64 (webtiles) character file.

500 RepoMan the Conjurer (level 6, -7/45 HPs)
             Began as a Draconian Wizard on June 23, 2018.
             Killed by divine providence
             ... invoked by an orc priest
              (14 damage)
             ... on level 4 of the Dungeon.
             The game lasted 00:18:10 (4655 turns).

RepoMan the Conjurer (Draconian Wizard)             Turns: 4655, Time: 00:18:10

Health: -7/45      AC:  6    Str: 10    XL:     6   Next: 94%
Magic:  3/13       EV: 12    Int: 20    God:
Gold:   102        SH:  0    Dex:  9    Spells: 6/14 levels left

rFire    . . .     SeeInvis .   o - +0 halberd
rCold    . . .     Gourm    .   (shield currently unavailable)
rNeg     . . .     Faith    .   (armour unavailable)
rPois    .         Spirit   .   a - +0 hat
rElec    .         Reflect  .   (no cloak)
rCorr    .         Harm     .   (no gloves)
MR       .....                  (no boots)
Stlth    ++........             (no amulet)
HPRegen  0.15/turn              (no ring)
MPRegen  0.13/turn              (no ring)

@: very slightly contaminated
A: unfitting armour, cold-blooded, AC +6
a: no special abilities


You were on level 4 of the Dungeon.
You were hungry.

You visited 1 branch of the dungeon, and saw 4 of its levels.

You collected 102 gold pieces.

Inventory:

Hand Weapons
 d - a +2 dagger of venom
 o - a +0 halberd (weapon)
Armour
 a - a +0 hat (worn)
Scrolls
 h - 2 scrolls of identify {unknown}
 i - 2 scrolls of teleportation {unknown}
 m - a scroll of enchant armour {unknown}
 n - 3 scrolls of immolation {unknown}
Potions
 e - 2 potions of degeneration {unknown}
 f - a potion of brilliance {unknown}
 g - a potion of heal wounds {unknown}
 k - a potion of might {unknown}
Books
 b - a book of Minor Magic

   Spells                             Type                      Level
   a - Magic Dart                     Conjuration                  1
   b - Blink                          Translocation                2
   c - Call Imp                       Summoning                    2
   d - Slow                           Hexes                        2
   e - Conjure Flame                  Conjuration/Fire             3
   f - Mephitic Cloud                 Conjuration/Poison/Air       3
Comestibles
 c - 5 rations


   Skills:
 - Level 1.7 Dodging
 - Level 1.7 Stealth
 + Level 4.8 Spellcasting
 * Level 6.0 Conjurations
 - Level 1.0 Summonings
 - Level 1.0 Translocations


You had 6 spell levels left.
You knew the following spells:

 Your Spells              Type           Power        Failure   Level  Hunger
a - Magic Dart            Conj           ####         1%          1    None
b - Blink                 Tloc           N/A          12%         2    #......
c - Call Imp              Summ           #.......     12%         2    #......
m - Mephitic Cloud        Conj/Pois/Air  ##......     16%         3    ##.....


Dungeon Overview and Level Annotations

Branches:
Dungeon (4/15)
 Temple: D:4-7

Altars:

Annotations:
D:4 Blork the orc


Innate Abilities, Weirdness & Mutations

Your plain brown scales are hard. (AC +6)
You cannot fit into any form of body armour.
You are cold-blooded and may be slowed by cold attacks.


Message History

Press: ? - help, Shift-Dir - straight line, f/p - orc priest
Aim: an orc priest, wearing a glowing ring mail (heavily wounded)
The magic dart hits the orc.
The orc is almost dead.
The orc closely misses you.
Casting: Magic Dart
Confirm with . or Enter, or press ? or * to list all spells.
Aiming: Magic Dart
Press: ? - help, Shift-Dir - straight line, f/p - orc priest
Aim: an orc priest, wearing a glowing ring mail (heavily wounded)
The magic dart hits the orc.
You kill the orc!
The orc priest calls down the wrath of Beogh upon you.
Beogh smites you!
The orc wizard gestures at you while chanting.
The puff of frost hits you!
* * * LOW HITPOINT WARNING * * *
The orc priest calls down the wrath of Beogh upon you.
Beogh smites you!
You die...

##### .#
#...##########.#####
#####...##>.............
#....................#
#.####...............#
#.###...hoo...oh... #.#
#.###o###.#.#.. #.# #.#
#.# ## # . #.# #.# #@#
#.###.###.# #.........#
#####.###.#
#.###'#######
####.†......# #........#
#.# #........# #.#
#........#


You could see Blork the orc, a hound, an orc priest and an orc wizard.

Vanquished Creatures
  An ogre (D:4)
  A scorpion (D:4)
  An orc priest (D:3)
  A hound (D:4)
  An orc wizard (D:3)
  Jessica (D:2)
  3 worker ants
  3 gnolls (D:3)
  A howler monkey skeleton (D:4)
  5 adders
  3 oozes
  4 dart slugs
  A worm (D:4)
  4 leopard geckos
  2 orcs
  3 ball pythons
  3 giant cockroaches (D:1)
  20 goblins
  7 hobgoblins
  3 jackals
  8 kobolds
  4 quokkas
  6 bats
  3 frilled lizards
  6 rats
95 creatures vanquished.

Vanquished Creatures (collateral kills)
  Robin (D:2)
1 creature vanquished.

Grand Total: 96 creatures vanquished

Notes
Turn   | Place    | Note
-------+----------+-------------------------------------------
     0 | D:1      | RepoMan the Draconian Wizard began the quest for the Orb.
     0 | D:1      | Reached XP level 1. HP: 14/14 MP: 4/4
   310 | D:1      | Reached XP level 2. HP: 20/20 MP: 1/6
   314 | D:1      | Learned a level 2 spell: Blink
   317 | D:1      | Learned a level 2 spell: Call Imp
   463 | D:1      | Reached skill level 2 in Conjurations
  1107 | D:2      | Reached XP level 3. HP: 26/26 MP: 0/7
  1198 | D:2      | Learned a level 3 spell: Mephitic Cloud
  1289 | D:2      | Noticed Robin
  1397 | D:2      | Noticed Jessica
  1616 | D:2      | Reached skill level 3 in Conjurations
  1625 | D:2      | Killed Jessica
  1625 | D:2      | Reached XP level 4. HP: 33/33 MP: 0/9
  2127 | D:2      | Killed Robin
  2771 | D:3      | Reached skill level 4 in Conjurations
  2776 | D:3      | Reached XP level 5. HP: 38/38 MP: 6/10
  3563 | D:3      | Reached skill level 5 in Conjurations
  3563 | D:3      | Reached XP level 6. HP: 25/45 MP: 1/12
  4645 | D:4      | Reached skill level 6 in Conjurations
  4647 | D:4      | Noticed Blork the orc
  4655 | D:4      | Killed from afar by an orc priest

Skill      XL: |  1  2  3  4  5  6 |
---------------+-------------------+-----
Conjurations   | 2 3 4 5 6 |  6.0
Spellcasting   | 4 |  4.8
Dodging        | |  1.7
Stealth        | |  1.7
Summonings     | |  1.0
Translocations | |  1.0

Action                   |  1- 3 |  4- 6 || total
-------------------------+-------+-------++-------
Melee: Whip              |    33 |     1 ||    34
       Tailslap          |     3 |     2 ||     5
       Rapier            |       |    31 ||    31
       Halberd           |       |    25 ||    25
 Cast: Magic Dart        |    71 |   142 ||   213
       Mephitic Cloud    |     2 |    10 ||    12
       Call Imp          |       |     4 ||     4
       Blink             |       |     1 ||     1
 Stab: Sleeping          |     1 |     1 ||     2
       Confused          |       |     2 ||     2
  Eat: Chunk             |     2 |    10 ||    12
Armor: Skin              |    17 |    26 ||    43
Dodge: Dodged            |    50 |    39 ||    89
